 Dungeon Crawl Stone Soup version 0.32-a0-900-g30fb1b0edc (webtiles) character file.

Game seed: 238500892037628128

387 Foxy the Cudgeller (level 6, -10/47 HPs)
             Began as a Coglin Gladiator on Apr 6, 2024.
             Mangled by Duvessa
             ... wielding a +0 rapier
              (15 damage)
             ... on level 4 of the Dungeon.
             The game lasted 00:05:37 (2806 turns).

Foxy the Cudgeller (Coglin Gladiator)               Turns: 2806, Time: 00:05:38

Health: -10/47     AC:  7    Str: 17    XL:     6   Next: 78%
Magic:  6/6        EV: 11    Int:  7    God:
Gold:   184        SH:  0    Dex: 15    Spells: 5/5 levels left

rFire   + + +        s - +7 sling of Peace {freeze, rPois rF++ rN+ SInv}
rCold   + . .        u - +0 sling {Eunkyung}
rNeg    + . .        l - +0 ring mail
rPois   +            m - +1 helmet
rElec   +            (no cloak)
rCorr   +            (no gloves)
SInv    +            (no boots)
Will    .....        (amulet unavailable) Stlth
                     (ring unavailable)
HPRegen 0.27/turn    (ring unavailable)
MPRegen 0.10/turn    (no gizmo)

%: no passive effects
@: silenced, resistant, revving
A: off-hand wielding, slow wielding, warmup strikes, no jewellery
a: Invent Gizmo


You were on level 4 of the Dungeon.
You visited 1 branch of the dungeon, and saw 5 of its levels.

You collected 184 gold pieces.

Inventory:

Hand Weapons
 s - the +7 sling of Peace (weapon) {freeze, rPois rF++ rN+ SInv}
   (You found it on level 3 of the Dungeon)

   rF++:      It greatly protects you from fire.
   rPois:     It protects you from poison.
   rN+:       It protects you from negative energy.
   SInv:      It lets you see invisible.
 u - a +0 sling (offhand) {Eunkyung}
Missiles
 d - 6 throwing nets
 e - a javelin
Armour
 l - a +0 ring mail (worn)
 m - a +1 helmet (worn)
Wands
 a - a wand of digging (4)
Scrolls
 f - a scroll of teleportation {unknown}
 g - a scroll of silence
 h - 3 scrolls of identify
 k - a scroll of poison {unknown}
 n - a scroll of enchant armour {unknown}
 p - a scroll of fog {unknown}
 r - a scroll of noise {unknown}
 t - 2 scrolls of brand weapon
Potions
 b - a potion of resistance
 c - 2 potions of heal wounds {unknown}
 i - 2 potions of might {unknown}
 j - a potion of curing {unknown}
 o - a potion of lignification {unknown}
 q - a potion of degeneration {unknown}


   Skills:
 + Level 3.5 Fighting
 * Level 4.8 Maces & Flails
 * Level 1.7 Ranged Weapons
 - Level 2.0 Throwing
 + Level 3.9 Dodging


You had 5 spell levels left.
You didn't know any spells.
Your spell library contained the following spells:

 Spells                   Type           Power      Damage    Failure   Level
 Magic Dart               Conj           0%         1d3       65%         1
 Blink                    Tloc           0%         N/A       78%         2
 Call Imp                 Summ           0%         N/A       78%         2


Dungeon Overview and Level Annotations

Branches:
Dungeon (5/15)
 Temple: D:4-7

Altars:
Kikubaaqudgha
Makhleb
Qazlal

Shops:
D:1 =   D:3 (

Annotations:
D:4 Duvessa


Innate Abilities, Weirdness & Mutations

You can wield a second weapon in your off-hand.
It takes a long time for you to wield or remove held weapons.
Your first few attacks do less damage.
You cannot equip rings or amulets.


Message History

The sling bullet freezes the goblin.
You kill the goblin!
Things that are here:
a +0 dagger; a goblin corpse Duvessa, Sister of Dowan comes into view.
She is wielding a +0 rapier.
Duvessa goes berserk!
Okay, then.
Unknown command.
As you read the scroll labelled MIRYGU OQYJ, it crumbles to dust.
It is a scroll of identify.
t - 2 scrolls of brand weapon
As you read the scroll labelled KIGUMN UNAIZINN, it crumbles to dust.
A profound silence engulfs you.
It was a scroll of silence.
You shoot a sling bullet.
The sling bullet hits Duvessa but does no damage.
You shoot a sling bullet.
The sling bullet closely misses Duvessa.
Duvessa completely misses you.
You shoot a sling bullet. The sling bullet hits Duvessa.
The sling bullet freezes Duvessa.
Duvessa is lightly wounded.
You shoot a sling bullet.
The sling bullet hits Duvessa but does no damage.
Duvessa is lightly wounded.
Duvessa hits you with a +0 rapier! Duvessa hits you with a +0 rapier.
You shoot a sling bullet.
The sling bullet hits Duvessa but does no damage.
Duvessa is lightly wounded.
You shoot a sling bullet.
The sling bullet closely misses Duvessa.
Duvessa hits you with a +0 rapier!!
* * * LOW HITPOINT WARNING * * *
Duvessa hits you with a +0 rapier!
* * * LOW HITPOINT WARNING * * *
Unknown command.
Okay, then.
It was a potion of resistance.
You feel protected. Duvessa hits you with a +0 rapier!
You die...

#..†.. #..>.. #.....
####.... ...)....
#####.....
#####.........
########.....###)....
#. #..e@..).#####
#..... #.
.......###### #...<.
##.# ###.....#
#####..... .$.
#.......# ##.........
#.. #.......#
###..####.### #..##
#.......# #...####..#
#...#
##.....####.##.....##
#.#
##..........#).#####
#.###.......# #...##


You could see Duvessa (berserk).

Vanquished Creatures
  A scorpion (D:4)
  Dowan (D:4)
  A sleepcap (D:3)
  3 iguanas
  5 adders
  4 gnolls (D:2)
  6 dart slugs
  A ribbon worm (D:3)
  7 orcs (D:3)
  3 bats
  3 endoplasms
  3 giant cockroaches
  10 goblins
  5 hobgoblins
  4 quokkas
  8 ball pythons
  A frilled lizard (D:1)
  A kobold (D:1)
  7 rats
74 creatures vanquished.

Notes
Turn   | Place    | Note
-------+----------+-------------------------------------------
     0 | D:1      | Foxy the Coglin Gladiator began the quest for the Orb.
     0 | D:1      | Reached XP level 1. HP: 16/16 MP: 1/1
   157 | D:1      | Reached XP level 2. HP: 18/22 MP: 2/2
   243 | D:1      | Reached skill level 3 in Maces & Flails
   379 | D:1      | Found Meyhom's Jewellery Shop.
   795 | D:2      | Reached XP level 3. HP: 28/28 MP: 3/3
   959 | D:2      | Reached XP level 4. HP: 34/34 MP: 4/4
  1385 | D:3      | Reached skill level 4 in Maces & Flails
  1385 | D:3      | Reached XP level 5. HP: 31/41 MP: 5/5
  1443 | D:3      | Found Fobapt's Antique Weapon Emporium.
  1658 | D:3      | Found a burning altar of Makhleb.
  1836 | D:3      | Identified the +7 sling of Peace {freeze, rPois rF++ rN+
                  | SInv}
  2254 | D:3      | Found a faded altar of an unknown god.
  2667 | D:4      | Reached XP level 6. HP: 47/47 MP: 6/6
  2675 | D:4      | Reached skill level 1 in Ranged Weapons
  2736 | D:4      | Noticed Dowan
  2759 | D:5      | Entered Level 5 of the Dungeon
  2759 | D:5      | Noticed a black bear
  2759 | D:5      | Found an ancient bone altar of Kikubaaqudgha.
  2759 | D:5      | Found a stormy altar of Qazlal.
  2765 | D:4      | Killed Dowan
  2800 | D:4      | Noticed Duvessa
  2806 | D:4      | Mangled by Duvessa

Illustrated notes

Levels and vault maps discovered:
D:1:      kilobyte_arrival_exit_the_forest, layout_rooms, serial_shops, shop,
          hangedman_decor_lopped, minmay_pentomino_s4
D:2:      layout_loops_ring, nrook_campfire, minmay_fractal_squares_5
D:3:      layout_basic, mainiacjoe_overflow_concentric_impassable,
          dreamdust_ecumenical_altar_hidden_monk_grotto, serial_shops, shop
D:4:      layout_rooms, minmay_statues_item, uniq_duvessa
D:5:      layout_rooms, tso_metal_star, lemuel_doored_altar,
          gammafunk_temple_overflow_pools, mainiacjoe_overflow_large_starburst

Skill      XL: |  1  2  3  4  5  6 |
---------------+-------------------+-----
Maces & Flails | 3 4 |  4.8
Throwing       | 2 |  2.0
Dodging        | 3 |  3.9
Fighting       | 3 |  3.5
Ranged Weapons | 1 |  1.7

Action                     |  1- 3 |  4- 6 || total
---------------------------+-------+-------++-------
  Melee: Flail             |    62 |    46 ||   108
         Dagger            |    11 |       ||    11
         Whip              |    33 |    44 ||    77
   Fire: Sling             |       |   101 ||   101
    Use: Scroll            |       |     2 ||     2
         Potion            |       |     1 ||     1
   Stab: Sleeping          |     1 |       ||     1
 Armour: Leather armour    |    17 |       ||    17
         Ring mail         |    19 |    57 ||    76
  Dodge: Dodged            |    54 |    48 ||   102

Table legend: (Time is in decaauts)
 A = Elapsed time spent in this place.
 B = Non-inter-level travel time spent in this place.
 C = Inter-level travel time spent in this place.
 D = Time resting spent in this place.
 E = Time spent auto-exploring this place.
 F = Levels seen in this place.
 G = Mean time per level.
                   A        B        C        D        E       F      G
               +--------+--------+--------+--------+--------+-----+--------+
         Total |   2858 |   2677 |    181 |      0 |   2097 |   5 |  571.6 |
       Dungeon |   2858 |   2677 |    181 |      0 |   2097 |   5 |  571.6 |
               +--------+--------+--------+--------+--------+-----+--------+

Top non-repeatable levels by time:
     D:3: 1197 daAuts
     D:1: 780 daAuts
     D:2: 660 daAuts
     D:4: 218 daAuts
     D:5: 1 daAuts
